[Event "3rd Shamkir Chess 2016"]
[Site "Shamkir"]
[Date "2016.06.02"]
[Round "7"]
[White "Harikrishna, Pentala"]
[Black "Mamedov, Rauf"]
[Result "1/2-1/2"]
[ECO "B31"]
[WhiteElo "2763"]
[BlackElo "2655"]
[PlyCount "103"]
[EventDate "2016.??.??"]
[EventCountry "AZE"]
[TimeControl "40/7200:20/3600:900+30"]

1. e4 {(4s)} c5 {(11s)} 2. Nf3 {(7s)} Nc6 {(5s)} 3. Bb5 {(7s)} g6 {(6s)} 4.
Bxc6 {(13s)} bxc6 {(4s)} 5. O-O {(18s)} Bg7 {(4s)} 6. Re1 {(83s)} Nh6 {(9s)} 7.
c3 {(27s)} O-O {(4s)} 8. h3 {(16s)} f5 {(5s)} 9. e5 {(131s)} Nf7 {(20s)} 10. d4
{(263s)} cxd4 {(159s)} 11. cxd4 {(9s)} c5 {(1s)} 12. dxc5 {(203s)} Bb7 {( 18s)}
13. Nc3 {(215s)} e6 {(541s)} 14. Nd4 {(257s)} Bxe5 {(1127s)} 15. f4 {(749s)}
Bg7 {(262s)} 16. Be3 {(30s)} g5 {(630s)} 17. fxg5 {(1747s)} f4 {(42s)} 18. Bf2
{(236s)} Qxg5 {(309s)} 19. c6 {(449s)} Bxd4 {(286s)} 20. Qxd4 {(120s)} Bxc6 {
(19s)} 21. Ne4 {(8s)} Qg7 {(910s)} 22. Qxg7+ {(943s)} Kxg7 {(8s)} 23. Rad1 {
(4s)} Rg8 {(482s)} 24. Bh4 {(537s)} Kh6 {(537s)} 25. Rd2 {(76s)} Rg6 {(518s)}
26. Nf6 {(21s)} e5 {(423s)} 27. b4 {(300s)} Kg7 {(206s)} 28. b5 {(156s)} Bxb5 {
(51s)} 29. Nxd7 {(9s)} Re8 {(254s)} 30. Nc5 {(25s)} Nd6 {(32s)} 31. Ne4 {(183s)
} Nxe4 {(71s)} 32. Rxe4 {(5s)} Bc6 {(1s)} 33. Rc4 {(25s)} e4 {(6s)} 34. Rdc2 {
(95s)} Ree6 {(7s)} 35. Be1 {(85s)} h5 {(72s)} 36. Kh2 {(24s)} Kh6 {(18s)} 37.
Rd4 {(40s)} f3 {(38s)} 38. Bh4 {(49s)} e3 {(22s)} 39. gxf3 {(1s)} e2 {(13s)}
40. Be1 {(0s)} Bxf3 {(0s)} 41. Bd2+ {(19s)} Kh7 {(306s)} 42. Rc7+ {(292s)} Rg7
{(55s)} 43. Rxg7+ {(19s)} Kxg7 {(2s)} 44. Kg3 {(13s)} Bc6 {(160s)} 45. Kf2 {
(58s)} Kg6 {(33s)} 46. a4 {(453s)} a6 {(180s)} 47. Be1 {(203s)} Kf5 {(56s)} 48.
Bd2 {(268s)} Kg6 {(59s)} 49. Be1 {(15s)} Be4 {(2s)} 50. Kxe2 {(55s)} Bf5+ {(4s)
} 51. Kf2 {(101s)} Bxh3 {(12s)} 52. Bb4 {(9s)} 1/2-1/2

[Event "3rd Shamkir Chess 2016"]
[Site "Shamkir"]
[Date "2016.06.02"]
[Round "7"]
[White "Karjakin, Sergey"]
[Black "Radjabov, Teimour"]
[Result "1/2-1/2"]
[ECO "C18"]
[WhiteElo "2779"]
[BlackElo "2726"]
[PlyCount "65"]
[EventDate "2016.??.??"]
[EventCountry "AZE"]
[TimeControl "40/7200:20/3600:900+30"]

1. e4 {(3s)} e6 {(4s)} 2. d4 {(7s)} d5 {(3s)} 3. Nc3 {(22s)} Bb4 {(6s)} 4. e5 {
(6s)} c5 {(4s)} 5. a3 {(4 s)} Bxc3+ {(4s)} 6. bxc3 {(3s)} Qa5 {(5s)} 7. Bd2 {
(7s)} Qa4 {(5s)} 8. h4 {(142s)} Nc6 {(179s)} 9. Nf3 {(403s)} Nge7 {(924s)} 10.
h5 {(46s)} h6 {(6s)} 11. Rb1 {(629s)} c4 {(94s)} 12. g3 {(12s)} b6 {(29s)} 13.
Bh3 {(70s)} Bd7 {(19s)} 14. O-O {(137s)} O-O-O {(16s)} 15. Nh4 {(228s)} Rdg8 {
(690s)} 16. Ng2 {(194s)} Kb8 {(883s)} 17. Re1 {(705s)} Bc8 {(178s)} 18. Kh2 {
(141s)} Ka8 {(499s)} 19. Bf4 {(266s)} Rf8 {(436s)} 20. Qc1 {(480s)} Rhg8 {
(986s)} 21. Re2 {(262s)} Rh8 {(7s)} 22. Re1 {(944s)} Rh7 {(43s)} 23. Bd2 {
(154s)} Rhh8 {(25s)} 24. Re2 {(142s)} Rh7 {(144s)} 25. Kg1 {(147s)} Rhh8 {(18s)
} 26. Ra1 {(6s)} Rh7 {(44s)} 27. Kh2 {(110s)} Rhh8 {(7s)} 28. Ne3 {(37s)} Ng8 {
(429s)} 29. Ng2 {(181s)} Nge7 {( 20s)} 30. Bf4 {(195s)} Ng8 {(51s)} 31. Bd2 {
(111s)} Nge7 {(10s)} 32. Bf4 {(4s)} Ng8 {(3s)} 33. Bd2 {(4s)} 1/2-1/2

[Event "3rd Shamkir Chess 2016"]
[Site "Shamkir"]
[Date "2016.06.02"]
[Round "7"]
[White "Mamedyarov, Shakhriyar"]
[Black "Safarli, Eltaj"]
[Result "1-0"]
[ECO "E20"]
[WhiteElo "2746"]
[BlackElo "2673"]
[Annotator "Ramirez Alvarez,Alejandro"]
[PlyCount "87"]
[EventDate "2016.??.??"]
[EventCountry "AZE"]
[TimeControl "40/7200:20/3600:900+30"]

1. d4 {(3s)} Nf6 {(13s)} 2. c4 {(4s)} e6 {(5s)} 3. Nc3 {(5s)} Bb4 {(21s)} 4. g3
{The move 4.g3 is not the most common idea in the Nimzo-Indian, but it's one
of the many ways in which White can try to get a small but riskless edge.} d5 {
(179s)} 5. Bg2 {(14s)} O-O {(12s)} 6. a3 {(2s)} Bxc3+ {(144s)} 7. bxc3 {(2s)}
c5 $5 {This exact position had been seen in the game... Kuzubov-Safarli, from
eleven years ago! I doubt that Mamedyarov prepared against that game, but you
never know.} (7... dxc4 8. Nf3 Nc6 9. O-O {was Ivanchuk-Fressinet from March.
The position is very interesting with Black having a material advantage but
White having the pair of bishops and easier play overall.}) 8. cxd5 {(3s)} exd5
{( 250s)} 9. Nf3 {(3s)} cxd4 {(356s)} 10. Nxd4 {(65s)} (10. cxd4 {looks more
natural at first, but it is slower and it prevents White from having any
breaks. The move played in the game is much stronger and shows a great feel
for the position.}) 10... Nc6 {(231s)} 11. O-O {(94s)} Ne4 $6 {Underestimating
White's resources.} 12. c4 {This move is obvious, White just needs to make
sure it works.} Re8 {(882s)} (12... dxc4 13. Nxc6 {just loses for Black.}) (
12... Nc3 13. Nxc6 bxc6 (13... Nxd1 14. Nxd8 Nc3 15. Nxf7 $18) 14. Qd3 {
with a very clear advantage for White. That dark squared bishop will become a
monster.}) 13. Bb2 {(830s)} Na5 {(806s)} 14. cxd5 {(75s)} Nc4 {(88s)} 15. Rb1 {
(238s)} (15. Qb3 $1 Ned2 (15... Ncd2 16. Qd3 Nxf1 17. Bxe4 $18) (15... Nxb2 16.
Qxb2 Qxd5 17. Rfc1 {was very strong, as White has a huge development advantage
and will continue with Rc7.}) 16. Qc3 $18) 15... Nxb2 {(375s)} (15... Qxd5 16.
Ba1 {is better for White as he has the bishops, but it was the lesser evil.})
16. Rxb2 {(61s)} Qxd5 {(90s)} 17. Qd3 {(1053s)} Bd7 {(476s)} 18. Rfb1 {(23s)}
Rab8 {(194s)} 19. Rb5 $1 {A simply but nice tactical coup. Black is forced to
give up two of his pieces for one rook.} Bxb5 {(154s)} 20. Rxb5 {The queen
cannot keep protection of the black knight.} Nxf2 {(116s)} 21. Kxf2 {(91s)} Qd6
{(398s)} 22. Bxb7 {(337s)} Rbd8 {(703s)} 23. e3 {Unfortunately for Safarli the
material disadvantage here is just too big. Mamedyarov has all he needs to
take the point home.} Re5 {(49s)} 24. a4 {(114s)} h5 {(275s)} 25. h4 {( 165s)}
Rde8 {(177s)} 26. e4 {(158s)} Qf6+ {(302s)} 27. Kg2 {(60s)} Rxb5 {(55s)} 28.
axb5 {(30s)} g6 {(77s)} 29. Bd5 {(77s)} Re7 {(4s)} 30. Qd2 {(353s)} a6 {(88s)}
31. bxa6 $2 {Somehow Mamedyarov really lets go of his advantage in the next
few moves.} (31. Nc6 Rb7 32. e5 $18) 31... Qxa6 {(5s)} 32. Nc6 {(13s)} Rc7 {
(96s)} 33. Nd8 $6 {(428s)} (33. Ne5 $16) 33... Qa4 {(102s)} 34. Qh6 $2 {
A time pressure blunder. The players missed an incredible resource here} Rc2+
$2 {(26s)} (34... Qc2+ 35. Kh3 Qd1 $1 36. Qxg6+ Kf8 37. Qd6+ Kg7 {Surprisingly,
White has no way of avoiding the perpetual. This would have been a crazy end
to the game and a dissapointment for Mamedyarov, but Safarli did not find it.})
35. Kh3 {(7s)} Qd7+ {(15s)} 36. Ne6 $1 {A resource that keeps the advantage in
White's camp} fxe6 {(1s)} 37. Qxg6+ {(5s)} Kf8 {(4s)} 38. Bxe6 {(14s)} Qg7 {
(18s)} 39. Qxh5 {(11s)} Rc3 {(11s)} 40. Qg4 {(0s)} Qxg4+ {This leads to a lost
endgame. More resistance was put up by not trading the queens, but the endgame
is lost anyway.} 41. Kxg4 {(134s)} Kg7 {(513s)} 42. Kf4 {(45s)} Rc1 {(164s)}
43. Kg5 {(20s)} Re1 {(577s)} 44. Bf5 {(24s)} 1-0

[Event "3rd Shamkir Chess 2016"]
[Site "Shamkir"]
[Date "2016.06.02"]
[Round "7"]
[White "Caruana, Fabiano"]
[Black "Giri, Anish"]
[Result "1/2-1/2"]
[ECO "C81"]
[WhiteElo "2804"]
[BlackElo "2790"]
[Annotator "Ramirez Alvarez,Alejandro"]
[PlyCount "75"]
[EventDate "2016.??.??"]
[EventCountry "AZE"]
[TimeControl "40/7200:20/3600:900+30"]

1. e4 {(3s)} e5 {(3s)} 2. Nf3 {(5s)} Nc6 {(6s)} 3. Bb5 {(3s)} a6 {(5s)} 4. Ba4
{(4s)} Nf6 {(4s)} 5. O-O {(5s)} Nxe4 {(15s)} 6. d4 {(8s)} b5 {(3s)} 7. Bb3 {
(4s)} d5 {(4s)} 8. dxe5 {(5s)} Be6 {(8s)} 9. Qe2 {(80 s)} Be7 {(183s)} 10. Rd1
{(6s)} O-O {(6s)} 11. c4 {(4s)} bxc4 {(46s)} 12. Bxc4 {(5s)} Bc5 {(30s)} 13.
Be3 {(6s)} Bxe3 {(8s)} 14. Qxe3 {(4s)} Qb8 {(48s)} 15. Bb3 {(5s)} Na5 {(6s)}
16. Nd4 {(9s)} c5 {(61s)} 17. Nxe6 {(8s)} fxe6 {(2s)} 18. f3 {(10s)} c4 {(38s)}
19. fxe4 {(6s)} cxb3 {(2s)} 20. exd5 {(15s)} bxa2 {(415s)} 21. Rxa2 {(6s)} Nc4
{(5s)} 22. Qd4 {(85s)} Qb3 {(124s)} 23. Nc3 {(34s)} Rac8 {(103s)} 24. Rb1 {
(1619s)} Ne3 {(771s)} 25. Qxe3 {(301s)} Rxc3 {(11s)} 26. Qxc3 {(5s)} Qxa2 {(3s)
} 27. Rd1 {(72s)} exd5 {(5s)} 28. Qd4 {(171s)} Re8 {(460s)} 29. Rc1 {(271s)} h6
{(932s)} 30. h3 {(1029s)} Kh8 {(1078s)} 31. e6 {(1739s)} Rxe6 {(268s)} 32. Rc8+
{(18s)} Kh7 {(2s)} 33. Qd3+ {(11s)} Re4 {(13s)} 34. Qf1 {(13s)} Re5 {(295s)}
35. Qd3+ {(6s)} Re4 {(4s)} 36. Qf1 {(10s)} Re5 {(4s)} 37. Qd3+ {(201s)} Re4 {
(18s)} 38. Qf1 {The draw was agreed at this point. Fortunate for Giri, as he
is completely lost:} (38. Qf1 Re5 39. Qf7 {snuffing out the Black king. The
strange part of not going for this is that White cannot possibly lose, worst
case scenario there is another perpetual.} Qa4 (39... Qxb2 40. Qg8+ Kg6 41.
Rc6+ Kf5 42. Qf7+ Ke4 43. Qf3+ Kd4 44. Qd1+ Ke4 45. Kh2 {again this important
move, safeguarding the king before going for the kill.}) 40. Kh2 $3 {Is the
winning trick. A computer move, simply making the king a bit safer. The
"threat" is b3, removing the defender of either the fourth rank or of the c6
square. You can try to work out the variations on your own.}) 1/2-1/2

[Event "3rd Shamkir Chess 2016"]
[Site "Shamkir"]
[Date "2016.06.02"]
[Round "7"]
[White "Eljanov, Pavel"]
[Black "Hou, Yifan"]
[Result "1-0"]
[ECO "D02"]
[WhiteElo "2751"]
[BlackElo "2663"]
[Annotator "Ramirez Alvarez,Alejandro"]
[PlyCount "119"]
[EventDate "2016.??.??"]
[EventCountry "AZE"]
[TimeControl "40/7200:20/3600:900+30"]

1. d4 {(3s)} Nf6 {(5s)} 2. Nf3 {(8s)} d5 {(17s)} 3. Bf4 {(11s)} e6 {(44s)} 4.
e3 {(37s)} c5 {(89s)} 5. c3 {(8s)} Nc6 {(51s)} 6. Nbd2 {(6s)} Bd6 {(29s)} 7.
Bg3 {(10s)} O-O {(205s)} 8. Bb5 {(65s)} a5 {(539s)} 9. a4 {(451s)} Ne7 {(289s)}
10. Qe2 {(574s)} Nf5 {(859s)} 11. Bd3 {(688s)} Be7 {(1133s)} 12. Be5 {(376s)}
b6 {(285s)} 13. Bxf6 {(526s)} Bxf6 {(6s)} 14. g4 {(5s)} Nd6 {(294s)} 15. h4 {
(201s)} Be7 {( 225s)} 16. g5 {(1001s)} Bb7 {(174s)} 17. Ne5 {(15s)} Qe8 {(235s)
} 18. Rg1 {(272s)} f5 {(202s)} 19. gxf6 {(29s)} Bxf6 {(5s)} 20. Qg4 {(183s)}
Ba6 {(378s)} 21. Bc2 {(93s)} Ra7 {(118s)} 22. Ndf3 {(598 s)} Bxe5 {(161s)} 23.
dxe5 {(412s)} Nf5 {(244s)} 24. Ng5 {(172s)} h6 {(548s)} 25. Nh3 {(4s)} d4 $2 {
(81 s)} (25... b5 $1 {Counterattack is the only way. Black keeps options open
by taking on a4 and opening the b-file.}) 26. e4 {(101s)} d3 {(192s)} 27. Bb3 {
(46s)} c4 {(168s)} 28. Bd1 {Black has established a strong pawn chain, but now
her knight on f5 is doomed as it has nowhere to go: putting it on e7 would
allow Qxg7#.} Qb8 {(71s)} 29. exf5 {( 55s)} Qxe5+ {(5s)} 30. Kd2 {(56s)} Rxf5 {
(9s)} 31. f4 {(65s)} Qf6 {(88s)} 32. Bf3 {(304s)} Bb7 {(15s)} 33. Bxb7 {(435s)}
Rxb7 {(1s)} 34. Qf3 {Black simply does not have enough for the piece.} Rf7 {
(103s)} 35. h5 {(91s)} Qh4 {(17s)} 36. Rg4 {(57 s)} Qxh5 {(81s)} 37. Rag1 {
(22s)} Rd5 {(131s)} 38. Nf2 {(38s)} Qf5 {(67s)} 39. Ne4 {(32s)} Rdd7 {(2s)} 40.
Qe3 {(0s)} b5 {(0s)} 41. Nc5 {(1660s)} Rde7 {(557s)} 42. Qe5 {(4s)} bxa4 {
(750s)} 43. Ke3 {(47 s)} Kh7 {(164s)} 44. Rh4 {(563s)} Qxe5+ {(473s)} 45. fxe5
{(5s)} Rf5 {(4s)} 46. Rxc4 {(37s)} Rxe5+ {(5s)} 47. Ne4 {(128s)} g5 {(223s)}
48. Rxa4 {(30s)} Kg6 {(67s)} 49. Kxd3 {(251s)} Rf7 {(215s)} 50. Nd2 {(225s)} h5
{(137s)} 51. Re4 {(14s)} Rxe4 {(207s)} 52. Nxe4 {(6s)} g4 {(3s)} 53. c4 {(249s)
} Rf3+ {(353s)} 54. Kd4 {(5s)} Kf5 {(9s)} 55. Ng3+ {(73s)} Rxg3 {(311s)} 56.
Rxg3 {(4s)} h4 {(4s)} 57. Rg1 {(14s)} g3 {(1s)} 58. Ke3 {(7s)} Kg4 {(1s)} 59.
Rd1 {(8s)} e5 {(124s)} 60. c5 {(0s)} 1-0